AoeStats
← Okamin

Arabia

505777430Analyzed
1v1 RM · 22d ago on Sep 11, 2026· 49m 26s· 2 players
Game mode
Random Map
Map size
Tiny (2 player)
Population
200
Speed
Normal
Resources
Standard
Victory
Conquest
Starting age
Dark Age
Ending age
Imperial Age
RankedLock teamsTeams togetherTeam positionsShared explorationLock speedFull tech treeHidden civsTurbo modeCheats
Victory
Defeat
🇨🇱 Vietnamese · Chile
881
+15
🇺🇸 Cumans · United States
870
-15
mighty eagle
10:13 Loom
12:28 Feudal Age
13:29 Arson
14:33 Man-at-Arms
16:02 Horse Collar
16:30 Padded Archer Armor
17:02 Scale Mail Armor
19:25 Fletching
21:18 Double-Bit Axe
24:47 Wheelbarrow
28:48 Castle Age
26:56 Stone Mining
28:10 Bloodlines
30:36 Scale Barding Armor
29:57 Elite Skirmisher
30:46 Thumb Ring
35:31 Hand Cart
36:25 Steppe Husbandry
39:21 Leather Archer Armor
40:47 Bow Saw
41:08 Bodkin Arrow
44:09 Imperial Age
41:27 Town Watch
42:51 Town Patrol
44:57 Elite Kipchak
48:52 Gold Mining
Okamin
4:40 Loom
10:29 Feudal Age
11:03 Double-Bit Axe
11:51 Gold Mining
19:17 Fletching
22:48 Castle Age
20:48 Horse Collar
21:25 Padded Archer Armor
22:51 Crossbowman
22:52 Elite Skirmisher
23:29 Bodkin Arrow
24:06 Bow Saw
26:13 Thumb Ring
27:17 Heavy Plow
28:02 Treadmill Crane
31:05 Wheelbarrow
30:25 Stone Mining
31:56 Ballistics
33:06 Hand Cart
35:26 Leather Archer Armor
41:27 Imperial Age
39:32 Chatras
40:39 Murder Holes
41:01 Forging
42:09 Bracer
43:20 Chemistry
43:12 Imperial Skirmisher
46:25 Ring Archer Armor
45:48 Town Watch
47:05 Two-Man Saw
46:33 Paper Money
48:30 Siege Engineers
Connection lost

Rejoining the realm…

Still unreachable

The connection could not be restored.

Session expired

The server has moved on; the page needs a fresh start.